 Dungeon Crawl Stone Soup version 0.21-a0-344-g2144152 (webtiles) character file.

46 tidbits the Charmwright (level 3, 31/31 HPs)
             Began as a Gnoll Skald on Oct 5, 2017.
             Was a Follower of Wu Jian.
             Quit the game on level 3 of the Dungeon.
             The game lasted 00:02:44 (378 turns).

tidbits the Charmwright (Gnoll Skald)                Turns: 378, Time: 00:02:45

Health: 31/31      AC:  8    Str: 13    XL:     3   Next: 68%
Magic:  1/9        EV: 12    Int: 16    God:    Wu Jian [*.....]
Gold:   134        SH:  0    Dex: 14    Spells: 1/12 levels left

rFire    . . .     SeeInvis .   a - +0 hand axe
rCold    . . .     Gourm    .   (no shield)
rNeg     . . .     Faith    .   B - +0 ring mail
rPois    .         Spirit   .   E - +0 helmet
rElec    .         Reflect  .   C - +0 cloak
rCorr    .         Harm     .   G - +0 pair of gloves
MR       .....                  (no boots)
Stlth    +.........             (no amulet)
HPRegen  0.10/turn              (no ring)
MPRegen  0.11/turn              (no ring)

@: infused
A: distributed training, fangs 1, strong nose
a: Renounce Religion


You were on level 3 of the Dungeon.
You worshipped Wu Jian.
Wu Jian was aware of your devotion.
You were not hungry.

You visited 1 branch of the dungeon, and saw 3 of its levels.

You collected 134 gold pieces.

Inventory:

Hand Weapons
 a - a +0 hand axe (weapon)
 f - a +0 hunting sling
Armour
 j - a +0 leather armour
 B - a +0 ring mail (worn)
 C - a +0 cloak (worn)
 E - a +0 helmet (worn)
 G - a +0 pair of gloves (worn)
Wands
 h - a wand of flame (30/48)
Scrolls
 b - a scroll of remove curse {unknown}
 g - 2 scrolls of immolation {unknown}
 i - a scroll of enchant weapon {unknown}
 n - a scroll of teleportation {unknown}
Potions
 e - 2 potions of cancellation {unknown}
 k - a potion of lignification {unknown}
 l - a potion of curing {unknown}
Books
 c - a book of Battle

   Spells                             Type                      Level
   a - Infusion                       Charms                       1
   b - Shroud of Golubria             Charms/Translocation         2
   c - Song of Slaying                Charms                       2
   d - Spectral Weapon                Hexes/Charms                 3
   e - Regeneration                   Charms/Necromancy            3
Comestibles
 d - a bread ration
 m - a chunk of flesh


   Skills:
 + Level 4.5 Fighting
 + Level 0.9 Short Blades
 + Level 0.9 Long Blades
 + Level 4.5 Axes
 + Level 0.9 Maces & Flails
 + Level 0.9 Polearms
 + Level 0.9 Staves
 + Level 0.9 Slings
 + Level 0.9 Bows
 + Level 0.9 Crossbows
 + Level 0.9 Throwing
 + Level 2.6 Armour
 + Level 4.5 Dodging
 + Level 0.9 Stealth
 + Level 0.9 Shields
 + Level 0.9 Unarmed Combat
 + Level 5.0 Spellcasting
 + Level 0.9 Conjurations
 + Level 0.9 Hexes
 + Level 6.5 Charms
 + Level 0.9 Summonings
 + Level 0.9 Necromancy
 + Level 0.9 Translocations
 + Level 0.9 Transmutations
 + Level 0.9 Fire Magic
 + Level 0.9 Ice Magic
 + Level 0.9 Air Magic
 + Level 0.9 Earth Magic
 + Level 0.9 Poison Magic
 + Level 0.9 Invocations
 + Level 0.9 Evocations


You had one spell level left.
You knew the following spells:

 Your Spells              Type           Power        Failure   Level  Hunger
g - Shroud of Golubria    Chrm/Tloc      ###.......   10%         2    #......
i - Infusion              Chrm           ####         1%          1    None
r - Regeneration          Chrm/Necr      ###.......   21%         3    ###....
w - Spectral Weapon       Hex/Chrm       ###.....     21%         3    ###....
y - Song of Slaying       Chrm           ####....     3%          2    #......


Dungeon Overview and Level Annotations

Branches:
Dungeon (3/15)

Altars:
Fedhas
Wu Jian


Innate Abilities, Weirdness & Mutations

Your experience applies equally to all skills.
You have very sharp teeth.
Your uncanny sense of smell can sniff out nearby items.


Message History

You see here a scroll labeled ROGEUF OTU.
n - a scroll labeled ROGEUF OTU You hit the hobgoblin.
The hobgoblin is almost dead.
The hobgoblin misses you.
You completely miss the hobgoblin.
The hobgoblin is almost dead.
Your shroud unravels.
The hobgoblin barely misses you.
You barely miss the hobgoblin.
You bite the hobgoblin, but do no damage.
The hobgoblin is almost dead.
The hobgoblin barely misses you.
You hit the hobgoblin.
You kill the hobgoblin!
Things that are here:
a club; a hobgoblin corpse You now have 121 gold pieces (gained 12).
Your magical infusion is running out.
You are no longer magically infusing your attacks.
Found 13 gold pieces.
A rat comes into view.
A hobgoblin comes into view. It is wielding a club.
The hobgoblin shouts!
The rat misses you.
The hobgoblin hits you but does no damage.
Casting: Shroud of Golubria
Confirm with . or Enter, or press ? or * to list all spells.
You begin infusing your attacks with magical energy.
The rat misses you. The hobgoblin closely misses you.
You barely miss the rat. You hit the hobgoblin. The rat closely misses you.
The hobgoblin hits you but does no damage.
You barely miss the hobgoblin.
The hobgoblin is almost dead.
You hit the rat!
You kill the rat!
The hobgoblin barely misses you.
You hit the hobgoblin.
You kill the hobgoblin!
No target in view!
You now have 134 gold pieces (gained 13).
Found 13 stones.
A kobold comes into view. It is wielding a short sword.
The kobold shouts!
The kobold throws a stone.
The stone hits you.
You see here a stone.
A bat comes into view.
The bat barely misses you.
You hit the bat!
You kill the bat!
You closely miss the kobold.
The kobold hits you but does no damage. x2
You closely miss the kobold. The kobold misses you.
You hit the kobold.
You kill the kobold!
No target in view!
No target in view!
Found a faded altar of an unknown god.
You enter the shallow water.
Moving in this stuff is going to be slow.
Why would you want to do that? Why would you want to do that?
You enter the shallow water.
Moving in this stuff is going to be slow.
Your magical infusion is running out.
A giant cockroach and a hobgoblin come into view.
Found a scroll labeled NUF IGOONLY and a short sword.
Casting: Infusion
Confirm with . or Enter, or press ? or * to list all spells.
You extend your infusion's duration.
The hobgoblin hits you but does no damage.
You closely miss the hobgoblin.
You bite the hobgoblin, but do no damage.
The hobgoblin hits you but does no damage.
You closely miss the hobgoblin. You hit the hobgoblin.
The hobgoblin is almost dead.
You hit the giant cockroach. The hobgoblin hits you with a club.
The giant cockroach bites you but does no damage.
You hit the hobgoblin.
You kill the hobgoblin!
You hit the giant cockroach.
You kill the giant cockroach!
No target in view!
No target in view!
You enter the shallow water.
Moving in this stuff is going to be slow.
You see here a giant cockroach corpse.
A bat comes into view.
The bat closely misses you. The bat hits you but does no damage.
There is a faded altar of an unknown god here.
You cannot tell which god this altar belongs to.
Convert to them anyway?
Okay, then.
You aren't carrying any pieces of jewellery.
You cannot tell which god this altar belongs to.
Convert to them anyway?
Wu Jian accepts your prayer! The Council welcomes you!
You can now attack monsters by moving around them.
The bat barely misses you.
Are you sure you want to abandon this character and quit the game? (Confirm with "yes".)

#.# #.......
#..###########......
#.....)....≈.≈.#
#.....†..≈≈≈...#
#.?.≈≈≈≈≈≈≈≈≈..#########
#...≈≈≈≈≈≈≈≈≈≈≈....#....
#...≈≈≈≈≈≈≈≈≈......(.# ##
#.≈.≈≈≈≈b≈≈≈≈.≈......#...
#.)≈≈≈≈.@♣≈≈≈....).......
#...≈≈≈≈..≈≈≈≈≈.†...##...
#...≈≈≈≈≈≈≈≈≈.......##...
##.≈≈≈≈≈≈≈≈≈≈...........#
#..≈≈≈≈≈≈≈≈≈≈.....(#####
#≈≈.≈.≈≈≈.≈≈≈.####.#...
#..........≈≈.####.#.##
###############.......##
#.#.#.....


You could see a bat.

Vanquished Creatures
  Jessica (D:3)
  A worm (D:2)
  2 bats
  2 giant cockroaches
  5 hobgoblins
  3 kobolds
  2 rats
16 creatures vanquished.

Notes
Turn   | Place    | Note
-------+----------+-------------------------------------------
     0 | D:1      | tidbits the Gnoll Skald began the quest for the Orb.
     0 | D:1      | Reached XP level 1. HP: 20/20 MP: 6/6
   178 | D:2      | Found a blossoming altar of Fedhas.
   189 | D:2      | Reached XP level 2. HP: 26/26 MP: 0/7
   193 | D:2      | Learned a level 2 spell: Song of Slaying
   196 | D:2      | Learned a level 2 spell: Shroud of Golubria
   280 | D:3      | Noticed Jessica
   283 | D:3      | Killed Jessica
   283 | D:3      | Reached skill level 5 in Spellcasting
   283 | D:3      | Reached XP level 3. HP: 31/31 MP: 3/9
   288 | D:3      | Learned a level 3 spell: Regeneration
   292 | D:3      | Learned a level 3 spell: Spectral Weapon
   355 | D:3      | Found a faded altar of an unknown god.
   377 | D:3      | Became a worshipper of the Wu Jian Council
   377 | D:3      | Reached * piety under Wu Jian
   378 | D:3      | Quit the game

Vault maps used:
D:1:      minmay_arrival_arboretum_small
D:2:      fedhas_altar_1
D:3:      lemuel_crystal_altar, chequers_ecumenical_altar_island, uniq_jessica

Skill      XL: |  1  2 |
---------------+-------+-----
Spellcasting   | 5 |  5.0
Fighting       | |  4.5
Short Blades   | |  0.9
Long Blades    | |  0.9
Axes           | |  4.5
Maces & Flails | |  0.9
Polearms       | |  0.9
Staves         | |  0.9
Slings         | |  0.9
Bows           | |  0.9
Crossbows      | |  0.9
Throwing       | |  0.9
Armour         | |  2.6
Dodging        | |  4.5
Stealth        | |  0.9
Shields        | |  0.9
Unarmed Combat | |  0.9
Conjurations   | |  0.9
Hexes          | |  0.9
Charms         | |  6.5
Summonings     | |  0.9
Necromancy     | |  0.9
Translocations | |  0.9
Transmutations | |  0.9
Fire Magic     | |  0.9
Ice Magic      | |  0.9
Air Magic      | |  0.9
Earth Magic    | |  0.9
Poison Magic   | |  0.9
Invocations    | |  0.9
Evocations     | |  0.9

Action                   || total
-------------------------++-------
Melee: Hand axe          ||    32
       Bite              ||     5
 Cast: Infusion          ||     7
       Shroud of Golubri ||     1
 Stab: Sleeping          ||     1
Armor: Ring mail         ||     6
Dodge: Dodged            ||    21

Table legend:
 A = Spawn XP
 B = Non-spawn XP
 C = Spawn XP percentage of total XP
 D = Spawn monster count
 E = Non-spawn monster count
 F = Spawn count percentage of total count
 G = Total turns spent on level
                    A         B        C        D         E        F      G
               +---------+---------+-------+---------+---------+-------+---------
         Total |       0 |      67 |   0.0 |       0 |      16 |   0.0 |   378
               +---------+---------+-------+---------+---------+-------+---------
           D:1 |       0 |       7 |   0.0 |       0 |       4 |   0.0 |   126
           D:2 |       0 |      10 |   0.0 |       0 |       4 |   0.0 |   138
           D:3 |       0 |      50 |   0.0 |       0 |       8 |   0.0 |   114
               +---------+---------+-------+---------+---------+-------+---------

Table legend:
 A = Turns spent in this place as a percentage of turns spent in the entire game.
 B = Non-inter-level travel turns spent in this place as a percentage of non-inter-level travel turns spent in the entire game.
 C = Inter-level travel turns spent in this place as a percentage of turns spent in this place.
 D = Turns resting spent in this place as a percentage of non-inter-level travel turns spent in this place.
 E = Turns spent auto-exploring this place as a percentage of non-inter-level travel turns spent in this place.
 F = Non-inter-level travel turns spent in this place divided by the number of levels of this place that you've seen.
                   A       B       C       D       E      F
               +-------+-------+-------+-------+-------+----------------------
         Total | 100.0 | 100.0 |   0.0 |   0.0 |   0.0 | 126.0
       Dungeon | 100.0 | 100.0 |   0.0 |   0.0 |   0.0 | 126.0
               +-------+-------+-------+-------+-------+----------------------

Table legend:
 A = Kills in this place as a percentage of kills in entire the game.
 B = Kills by you in this place as a percentage of kills by you in the entire game.
 C = Kills by friends in this place as a percentage of kills by friends in the entire game.
 D = Other kills in this place as a percentage of other kills in the entire game.
 E = Experience gained in this place as a percentage of experience gained in the entire game.
 F = Experience gained in this place divided by the number of levels of this place that you have seen.
                   A       B       C       D       E      F
               +-------+-------+-------+-------+-------+----------------------
         Total | 100.0 | 100.0 |   N/A |   N/A | 100.0 |  22.3
       Dungeon | 100.0 | 100.0 |   N/A |   N/A | 100.0 |  22.3
               +-------+-------+-------+-------+-------+----------------------

Vault maps used:
D:1:      minmay_arrival_arboretum_small
D:2:      fedhas_altar_1
D:3:      lemuel_crystal_altar, chequers_ecumenical_altar_island, uniq_jessica
